 Dungeon Crawl Stone Soup version 0.20-a0-893-g832831a (console) character file.

2989 itsmu the Insei (level 9, -5/75 HPs)
             Began as a Demonspawn Monk on Mar 16, 2017.
             Was a Believer of Wu Jian.
             Slain by a two-headed ogre
             ... wielding a +0 giant club
              (21 damage)
             ... on level 8 of the Dungeon.
             The game lasted 00:21:26 (9120 turns).

itsmu the Insei (Demonspawn Monk)                   Turns: 9120, Time: 00:21:28

Health: -5/75      AC: 12    Str: 19    XL:     9   Next: 53%
Magic:  9/9        EV:  9    Int: 11    God:    Wu Jian [**....]
Gold:   289        SH:  0    Dex: 15    Spells: 8/8 levels left

rFire    . . .     SeeInvis .   b - +2 short sword (elec)
rCold    + . .     Gourm    .   e - +0 chain mail
rNeg     . . .     Faith    .   (no shield)
rPois    +         Spirit   .   (no helmet)
rElec    .         Reflect  .   t - scarf {rC+}
rCorr    .         Harm     .   (no gloves)
MR       .....                  x - +0 pair of boots
Stlth    ..........             (no amulet)
Regen    0.3/turn               J - +2 ring of protection
MPRegen  0.2/turn               I - ring of poison resistance

@: mighty, very slightly contaminated, heavily drained, invisible
A: claws 1, dopey 1, sense surroundings 1, powered by pain 1, robust 1, sturdy
frame 2
a: Renounce Religion


You were on level 8 of the Dungeon.
You worshipped Wu Jian.
Wu Jian was pleased with you.
You were not hungry.

You visited 2 branches of the dungeon, and saw 9 of its levels.

You collected 289 gold pieces.

Inventory:

Hand Weapons
 a - a +1 falchion
 b - a +2 short sword of electrocution (weapon)
   (You took it off an orc on level 3 of the Dungeon)
 f - a +1 dagger of venom
   (You took it off Dowan on level 5 of the Dungeon)
 i - a +2 short sword of draining
   (You took it off Duvessa on level 5 of the Dungeon)
 y - a +3 hunting sling of freezing
   (You found it on level 5 of the Dungeon)
Missiles
 E - 16 sling bullets
Armour
 e - a +0 chain mail (worn)
   (You found it on level 1 of the Dungeon)
 h - a +0 robe
 t - a scarf of cold resistance (worn)
   (You found it on level 4 of the Dungeon)
 x - a +0 pair of boots (worn)
   (You found it on level 5 of the Dungeon)
 A - a +0 shield
   (You found it on level 5 of the Dungeon)
 G - a +0 large shield
   (You found it on level 7 of the Dungeon)
Jewellery
 p - an uncursed ring of flight
   (You took it off a gnoll on level 4 of the Dungeon)
 D - an uncursed ring of ice
   (You found it on level 6 of the Dungeon)
 I - a ring of poison resistance (left claw)
   (You found it on level 8 of the Dungeon)
 J - a +2 ring of protection (right claw)
   (You found it on level 7 of the Dungeon)
 M - an uncursed amulet of harm
   (You found it on level 8 of the Dungeon)
Scrolls
 d - 5 scrolls of remove curse
 o - 3 scrolls of blinking {unknown}
 q - a scroll of fear {unknown}
 u - a scroll of fog {unknown}
 v - a scroll of recharging {unknown}
 B - a scroll of magic mapping {unknown}
 C - 2 scrolls of identify
 H - a scroll of enchant weapon
 K - a scroll of teleportation
Potions
 j - a potion of mutation {!q}
 l - 2 potions of flight
 n - a potion of heal wounds
 s - 3 potions of brilliance
 z - 3 potions of curing
Books
 w - a book of Geomancy
   (You found it on level 5 of the Dungeon)

   Spells                             Type                      Level
   a - Sandblast                      Earth                        1
   b - Passwall                       Transmutation/Earth          2
   c - Stone Arrow                    Conjuration/Earth            3
   d - Petrify                        Transmutation/Earth          4
   e - Lee's Rapid Deconstruction     Earth                        5
 F - a book of Cantrips
   (You found it on level 6 of the Dungeon)

   Spells                             Type                      Level
   a - Confusing Touch                Hexes                        1
   b - Animate Skeleton               Necromancy                   1
   c - Summon Small Mammal            Summoning                    1
   d - Apportation                    Translocation                1
Comestibles
 c - 3 bread rations
 g - 4 royal jellies
 k - 7 meat rations
 m - 7 fruits
 r - a chunk of flesh


   Skills:
 - Level 5.9(4.1) Fighting
 - Level 6.5(4.7) Long Blades
 - Level 5.5(3.7) Armour
 - Level 3.1(1.4) Dodging
 - Level 1.7(0.1) Stealth
 * Level 7.4(5.5) Unarmed Combat


You had 8 spell levels left.
You didn't know any spells.

Dungeon Overview and Level Annotations

Branches:
Dungeon (8/15)             Temple (1/1) D:7
   Lair: D:8-11

Altars:
Ashenzari
Elyvilon
Fedhas
Gozag
Hepliaklqana
Kikubaaqudgha
Makhleb
Nemelex Xobeh
Okawaru
Qazlal
Ru
Sif Muna
Trog
Uskayaw
Vehumet
Wu Jian
Xom
Yredelemnul
Zin
The Shining One

Shops:
D:7 %

Annotations:
D:3 terence has disto, 3 exclusions, Terence


Innate Abilities, Weirdness & Mutations

You have sharp fingernails.
You sometimes gain a little power by taking damage.
Your movements are less encumbered by armour. (ER -4)
You are dopey. (Int -2)
You passively map a small area around you.
You are robust. (+10% HP)


Message History

The arrow barely misses the two-headed ogre.
The arrow hits you but does no damage.
You hit the two-headed ogre.
The two-headed ogre is moderately wounded.
The two-headed ogre closely misses you.
The two-headed ogre hits you with a giant spiked club!
* * * LOW HITPOINT WARNING * * *
You focus on the pain.
You feel very mighty all of a sudden.
The centaur shoots an arrow.
The arrow barely misses the two-headed ogre.
The arrow closely misses you.
You puncture the two-headed ogre!
The two-headed ogre is severely wounded.
The centaur shoots an arrow.
The arrow hits the two-headed ogre but does no damage.
The two-headed ogre hits you with a giant club!
* * * LOW HITPOINT WARNING * * *
The two-headed ogre hits you with a giant spiked club!!
You die...

###.####.#...#.#.#
# #..........#.#.#
# ######.##..#.#.#
# ##........# #
######.### # ,,
#.....# # #.#.#.#
#*< , #.#.#.# #
...#####...#M# #*
,.........###O# *
#######..###.#
#....c.# *
#.c##### ,.....#
## ....#..# ..
.......#* * * #. *
....#... ,


You could see a two-headed ogre and a centaur.

Vanquished Creatures
  Pikel (D:4)
  Sigmund (D:5)
  Duvessa (D:5)
  An orc warrior (D:7)
  A slave (D:4)
  A black bear (D:6)
  4 phantoms
  3 ogres
  A big kobold (D:8)
  Blork the orc (D:6)
  6 bullfrogs
  Dowan (D:5)
  A scorpion (D:6)
  3 wights (D:7)
  A howler monkey (D:4)
  3 crimson imps
  2 hounds
  4 orc wizards (D:7)
  An orc priest (D:3)
  Jessica (D:3)
  A centaur skeleton (D:5)
  An iguana (D:7)
  2 worker ants
  Ijyb (D:3)
  2 hound skeletons
  5 gnolls
  9 adders
  4 shadow imps
  An ooze (D:1)
  3 worms
  12 dart slugs
  5 leopard geckos
  16 orcs
  10 bats
  8 giant cockroaches
  4 goblins
  10 hobgoblins
  3 quokkas
  A ball python (D:6)
  7 frilled lizards
  A jackal skeleton (D:7)
  7 kobolds
  A leopard gecko skeleton (D:7)
  5 rats
157 creatures vanquished.

Vanquished Creatures (others)
  A giant cockroach (D:6)
1 creature vanquished.

Grand Total: 158 creatures vanquished

Notes
Turn   | Place    | Note
-------+----------+-------------------------------------------
     0 | D:1      | itsmu the Demonspawn Monk began the quest for the Orb.
     0 | D:1      | Reached XP level 1. HP: 18/18 MP: 1/1
   273 | D:1      | Gained mutation: You sometimes gain a little power by taking damage. [demonic ancestry]
   273 | D:1      | Reached XP level 2. HP: 10/24 MP: 2/2
  1169 | D:1      | Reached skill level 1 in Armour
  1732 | D:1      | Gained mutation: Your movements are slightly less encumbered by armour. (ER -2) [demonic ancestry]
  1732 | D:1      | Reached XP level 3. HP: 24/29 MP: 3/3
  2016 | D:2      | Found an opulent altar of Gozag.
  2027 | D:2      | Found a shattered altar of Ashenzari.
  2812 | D:2      | Found a sparkling altar of Nemelex Xobeh.
  2869 | D:2      | Reached XP level 4. HP: 12/37 MP: 4/4
  3359 | D:2      | Noticed a bullfrog
  3378 | D:2      | Killed a bullfrog
  3378 | D:2      | Reached XP level 5. HP: 17/43 MP: 5/5
  3690 | D:2      | Noticed a wraith
  3797 | D:3      | Found a bloodstained altar of Trog.
  4247 | D:3      | Found a glowing golden altar of the Shining One.
  4331 | D:3      | Noticed Jessica
  4336 | D:3      | Killed Jessica
  4445 | D:3      | Noticed Ijyb
  4445 | D:3      | Noticed Terence
  4446 | D:3      | hm.
  4475 | D:3      | Found a white marble altar of Elyvilon.
  5004 | D:3      | Killed Ijyb
  5004 | D:3      | Gained mutation: Your movements are less encumbered by armour. (ER -4) [demonic ancestry]
  5004 | D:3      | Reached XP level 6. HP: 45/49 MP: 6/6
  5030 | D:3      | whoop
  5030 | D:3      | s
  5190 | D:4      | god damnit
  5799 | D:4      | Noticed a slave
  5800 | D:4      | Noticed a slave
  5819 | D:4      | Killed a slave
  5820 | D:4      | Noticed Pikel
  5830 | D:4      | Noticed a slave
  5832 | D:4      | Killed Pikel
  5832 | D:4      | Reached skill level 5 in Fighting
  5832 | D:4      | Reached skill level 5 in Long Blades
  5832 | D:4      | Reached XP level 7. HP: 37/56 MP: 7/7
  6305 | D:5      | Entered Level 5 of the Dungeon
  6448 | D:5      | Found a hide-covered altar of Uskayaw.
  6527 | D:5      | Noticed Sigmund
  6538 | D:5      | Killed Sigmund
  6538 | D:5      | Gained mutation: You have sharp fingernails. [demonic ancestry]
  6538 | D:5      | Reached XP level 8. HP: 61/63 MP: 8/8
  6794 | D:5      | Noticed Duvessa
  6794 | D:5      | Noticed Dowan
  6804 | D:5      | Gained mutation: You are dopey. (Int -2) [potion of mutation]
  6804 | D:5      | Gained mutation: You are robust. (+10% HP) [potion of mutation]
  6804 | D:5      | Gained mutation: You passively map a small area around you. [potion of mutation]
  6808 | D:5      | Killed Duvessa
  6808 | D:5      | Reached skill level 5 in Armour
  6811 | D:5      | Killed Dowan
  7319 | D:6      | Found a stormy altar of Qazlal.
  7401 | D:6      | Found a blossoming altar of Fedhas.
  7549 | D:6      | Reached skill level 1 in Unarmed Combat
  7660 | D:6      | Reached skill level 2 in Unarmed Combat
  7676 | D:6      | Noticed Blork the orc
  7704 | D:6      | Killed Blork the orc
  7813 | D:7      | Reached skill level 3 in Unarmed Combat
  7892 | D:7      | Found a staircase to the Ecumenical Temple.
  7908 | Temple   | Entered the Ecumenical Temple
  8128 | D:7      | Reached skill level 4 in Unarmed Combat
  8131 | D:7      | Found a radiant altar of Vehumet.
  8226 | D:7      | Reached XP level 9. HP: 63/75 MP: 9/9
  8235 | D:7      | Reached skill level 5 in Unarmed Combat
  8522 | D:7      | Found Pufedoc's Food Shop.
  8656 | D:7      | Reached skill level 6 in Unarmed Combat
  8900 | D:8      | Found a shimmering altar of Xom.
  8916 | D:8      | Found an ornate altar of the Wu Jian Council.
  8930 | D:8      | Became a worshipper of the Wu Jian Council
  8930 | D:8      | Reached * piety under Wu Jian
  8930 | D:8      | Reached ** piety under Wu Jian
  8956 | D:8      | Reached skill level 7 in Unarmed Combat
  9106 | D:8      | Noticed a two-headed ogre
  9120 | D:8      | Slain by a two-headed ogre

Vault maps used:
D:1:      dpeg_arrival_short_road
D:2:      grunt_gozag_statues, overflow_temple_1_default,
          nemelex_lonely_heart_becter
D:3:      kennysheep_slugbush, lemuel_round_altar, bloody_trog,
          elyvilon_altar_1, uniq_iyjb, uniq_jessica, uniq_terence
D:4:      first_bread, uniq_pikel
D:5:      overflow_temple_1_default, uniq_duvessa, uniq_sigmund
D:6:      grunt_temple_overflow_forces_of_nature, uniq_blork_the_orc
D:7:      cheibrodos_iron_armory, kennysheep_little_box,
          minmay_temple_entry_junction, serial_shops, shop
D:8:      nicolae_overflow_crystal_walls, nicolae_overflow_hidden_temple,
          david_nohive_1
Temple:   kb_temple_of_zot

Skill      XL: |  1  2  3  4  5  6  7  8  9 |
---------------+----------------------------+-----
Long Blades    | 3 4 5 6 |  6.5
Armour         | 1 2 4 5 |  5.5
Fighting       | 4 5 |  5.9
Dodging        | 3 |  3.1
Unarmed Combat | 4 7 |  7.4
Stealth        | |  1.7

Action                   |  1- 3 |  4- 6 |  7- 9 || total
-------------------------+-------+-------+-------++-------
Melee: Falchion          |   157 |    74 |       ||   231
       Short sword       |       |   112 |   309 ||   421
       Punch             |       |       |     2 ||     2
  Use: Potion            |     3 |     1 |     5 ||     9
       Scroll            |       |     4 |     6 ||    10
  Eat: Bread ration      |     1 |       |       ||     1
       Chunk             |     2 |     9 |    11 ||    22
Armor: Robe              |    20 |       |       ||    20
       Chain mail        |    45 |    77 |   112 ||   234
       Skin              |       |       |     5 ||     5
Dodge: Dodged            |   106 |    72 |   116 ||   294
       Rpst.: Falchion   |    39 |     9 |       ||    48
